 Dungeon Sprint DCSS version 0.30-a0-591-g3c58d2bc28 (webtiles) character file.

Game seed: 7115537761002637520

54 BigDaddyOpFi the Octopoid Catastrophe (level 7, -18/53 HPs)
             Began as an Octopode Fighter on Jan 5, 2023.
             Was an Elder of Qazlal.
             Demolished by a sun demon (22 damage)
             ... summoned by a kobold demonologist
             ... in the Dungeon (Sprint VI: "Thunderdome").
             The game lasted 00:03:20 (432 turns).

BigDaddyOpFi the Octopoid Catastrophe (OpFi)         Turns: 432, Time: 00:03:21

Health: -18/53     AC:  1    Str: 16      XL:     7   Next: 6%
Magic:  0/13       EV: 16    Int: 10      God:    Qazlal [****..]
Gold:   10         SH: 11    Dex: 19 (20) Spells: 6/6 levels left

rFire   + + .      SeeInvis +    a - +0 war axe
rCold   x . .      Faith    .    b - +0 buckler
rNeg    . . .      Spirit   +    (helmet restricted)
rPois   +          Reflect  .    q - amulet of Ciocliro {Spirit Will+ Slay+4}
rElec   +          Harm     .    n - ring of the Black Skies {Fire SInv}
rCorr   +          Rampage  .    o - ring of Ojemm {rPois Will+ Str+2 Dex+5}
Will    ++...      NoTele   +    p - ring "Mygeyl" {rF+ Dex+4}
Stlth   ++                       r - ring "Movodaaz" {Fly rElec Int+2}
HPRegen 0.28/turn                s - ring of Juva {Fly rCorr Str-3 Int-3 Slay+4}
MPRegen 0.13/turn                (no ring)
                                 (no ring)
                                 (no ring)

@: flying, repel missiles
A: almost no armour, amphibious, 8 rings, camouflage 1, gelatinous body 1,
(nimble swimmer 1), tentacles
a: Renounce Religion, Upheaval, Elemental Force


You were in the Dungeon.
You worshipped Qazlal.
Qazlal was greatly pleased with you.
You visited 1 branch You collected 280 gold pieces.
You spent 270 gold pieces at shops.

Inventory:

Hand Weapons
 a - a +0 war axe (weapon)
Armour
 b - a +0 buckler (worn)
Jewellery
 n - the ring of the Black Skies (left tentacle) {Fire SInv}
   (You bought it in a shop in the Dungeon)

   [ring of fire]

   It enhances your fire magic.
   rF:        It protects you from fire.
   rC:        It makes you vulnerable to cold.
   SInv:      It lets you see invisible.
 o - the ring of Ojemm (right tentacle) {rPois Will+ Str+2 Dex+5}
   (You bought it in a shop in the Dungeon)

   [ring of willpower]

   Str:       It affects your strength (+2).
   Dex:       It affects your dexterity (+5).
   rPois:     It protects you from poison.
   Will:      It increases your willpower.
 p - the ring "Mygeyl" (on tentacle) {rF+ Dex+4}
   (You bought it in a shop in the Dungeon)

   [ring of protection from fire]

   Dex:       It affects your dexterity (+4).
   rF:        It protects you from fire.
 q - the amulet of Ciocliro (around mantle) {Spirit Will+ Slay+4}
   (You bought it in a shop in the Dungeon)

   [amulet of guardian spirit]

   It causes incoming damage to be divided between your reserves of health and
   magic.
   Slay:      It affects your accuracy & damage with ranged weapons and melee
   (+4).
   Will:      It increases your willpower.
 r - the ring "Movodaaz" (on tentacle) {Fly rElec Int+2}
   (You bought it in a shop in the Dungeon)

   [ring of flight]

   Int:       It affects your intelligence (+2).
   rElec:     It insulates you from electricity.
   Fly:       It grants you flight.
 s - the ring of Juva (on tentacle) {Fly rCorr Str-3 Int-3 Slay+4}
   (You bought it in a shop in the Dungeon)

   [ring of resist corrosion]

   Str:       It affects your strength (-3).
   Int:       It affects your intelligence (-3).
   Slay:      It affects your accuracy & damage with ranged weapons and melee
   (+4).
   Fly:       It grants you flight.
   rCorr:     It protects you from acid and corrosion.
Wands
 k - a wand of quicksilver (5)
 l - a wand of roots (5)
Scrolls
 i - 4 scrolls of blinking
 m - 3 scrolls of fog
Potions
 c - a potion of might
 d - a potion of curing
 e - 4 potions of heal wounds
 f - 4 potions of haste
 g - 2 potions of magic
 h - a potion of berserk rage
 j - a potion of resistance


   Skills:
 + Level 6.4 Fighting
 + Level 5.8 Axes
 + Level 6.4 Dodging
 + Level 6.3 Shields
 * Level 8.2 Invocations
 + Level 5.7 Evocations


You had 6 spell levels left.
You didn't know any spells.
Your spell library was empty.

Dungeon Overview and Level Annotations

Branches:
Dungeon (1/1)

Altars:
Cheibriados
Dithmenos
Fedhas
Gozag
Kikubaaqudgha
Makhleb
Okawaru
Qazlal
Ru
Sif Muna
Trog
Uskayaw
Vehumet
Wu Jian
Xom
Yredelemnul
Zin
The Shining One
Lugonu

Shops:
D *[??*?*:[((!!!!


Innate Abilities, Weirdness & Mutations

You cannot wear most types of armour.
You are amphibious.
You can wear up to eight rings at the same time.
Your skin changes colour to match your surroundings (Stealth+).
Your rubbery body absorbs attacks. (AC +1, EV +1)
((You are camouflaged when in or above water. (Stealth+)))
You have tentacles for arms and can constrict up to eight enemies at once.


Message History

You have reached level 7!
The kobold demonologist mumbles some strange words.
The kobold demonologist gestures wildly while chanting.
The hellwing is struck by lightning.
You block the hellwing's attack. The hellwing barely misses you.
Aiming: Upheaval
Press: ? - help, Dir - move target, f - sun demon
Aim: a sun demon (thunder, summoned)
The ground shakes violently, spewing rubble!
The blast of rubble hits the sun demon!
The sun demon is lightly wounded.
The kobold demonologist gestures wildly while chanting.
You block the hellwing's attack. The hellwing hits you.
The kobold demonologist looks encouraged for a moment.
The sun demon misses you. The hellwing misses you.
The hellwing barely misses you. You block the shadow imp's attack.
The sun demon hits you!!
You are engulfed in flames.
You resist. The quasit closely misses you. x3
The kobold demonologist hits you but does no damage.
The hellwing is struck by lightning.
You closely miss the kobold demonologist.
Your grab misses the kobold demonologist.
You squeeze the kobold demonologist.
The kobold demonologist is lightly wounded.
You slash the quasit! You hit the sun demon. You barely miss the hellwing.
You block the quasit's attack. The quasit misses you.
You block the quasit's attack. The sun demon hits you!
* * * LOW HITPOINT WARNING * * *
You are engulfed in flames.
You resist.
* * * LOW HITPOINT WARNING * * *
The kobold demonologist hits you with a +0 dagger.
* * * LOW HITPOINT WARNING * * *
The hellwing completely misses you. You block the hellwing's attack.
The quasit bites you.
* * * LOW HITPOINT WARNING * * *
You feel clumsy. The quasit claws you.
* * * LOW HITPOINT WARNING * * *
The quasit closely misses you. The sun demon hits you!!
You die...

##### ##⌠⌠⌠## #.)...#
##.....## ##☼.....∩##
#∩.☼.....∩# #.@3......#
#K54....._# #§5......_#
###....)).†.###
#⌠....)...)..⌠#
######.8.÷.......8.######
##.___......###...†..___∩##
###∩........8.# #.8........∩#
##.........÷...###............


You could see a sun demon (summoned), a hellwing (summoned), a kobold
demonologist, a quasit (summoned) and a shadow imp (summoned).

Vanquished Creatures
  Sigmund (D)
  A water moccasin (D)
  2 kobold brigands (D)
  5 adders (D)
  A ball python (D)
  2 endoplasms (D)
  A quokka (D)
  3 kobolds (D)
16 creatures vanquished.

Notes
Turn   | Place    | Note
-------+----------+-------------------------------------------
     0 | D        | BigDaddyOpFi the Octopode Fighter began the quest for the
                  | Orb.
     0 | D        | Reached XP level 1. HP: 16/16 MP: 1/1
     4 | D        | Found a radiant altar of Vehumet.
     4 | D        | Found an ornate altar of the Wu Jian Council.
     5 | D        | Found a glowing golden altar of the Shining One.
     5 | D        | Found a shadowy altar of Dithmenos.
     5 | D        | Round 1.
     6 | D        | Found a hide-covered altar of Uskayaw.
     7 | D        | Found a bloodstained altar of Trog.
     7 | D        | Found Atei's Identification Station.
     8 | D        | Found Iqalek's Jewellery.
     8 | D        | Found Tocraal's Advanced Armour.
    13 | D        | Found a corrupted altar of Lugonu.
    14 | D        | Found a snail-covered altar of Cheibriados.
    15 | D        | Found Peklig's Premium Goods.
    16 | D        | Found an iron altar of Okawaru.
    16 | D        | Found a stormy altar of Qazlal.
    16 | D        | Found a burning altar of Makhleb.
    16 | D        | Found Zifud's Weapon Rack.
    16 | D        | Found Tucwilemp's Miscellaneous Merchandise.
    16 | D        | Found Mofov's Basic Armour.
    20 | D        | Found a glowing silver altar of Zin.
    24 | D        | Became a worshipper of Qazlal Stormbringer
    45 | D        | Bought a flickering brass ring for 45 gold pieces
    45 | D        | Identified the ring of the Black Skies {Fire SInv} (You
                  | bought it in a shop in the Dungeon)
    45 | D        | Bought a brightly glowing wooden ring for 45 gold pieces
    45 | D        | Identified the ring of Ojemm {rPois Will+ Str+2 Dex+5} (You
                  | bought it in a shop in the Dungeon)
    45 | D        | Bought a brightly glowing granite ring for 45 gold pieces
    45 | D        | Identified the ring "Mygeyl" {rF+ Dex+4} (You bought it in
                  | a shop in the Dungeon)
    45 | D        | Bought a bound zirconium amulet for 45 gold pieces
    45 | D        | Identified the amulet of Ciocliro {Spirit Will+ Slay+4}
                  | (You bought it in a shop in the Dungeon)
    95 | D        | Reached * piety under Qazlal
   101 | D        | Found a shimmering blue altar of Sif Muna.
   101 | D        | Found an ancient bone altar of Kikubaaqudgha.
   101 | D        | Found Aciy's Magic Scroll Shop.
   101 | D        | Found Jiofesa's Staff Store.
   102 | D        | Found Plog's Magic Scroll Shop.
   102 | D        | Found Xepnuk's Must-Have Magic.
   118 | D        | Found a blossoming altar of Fedhas.
   123 | D        | Noticed Sigmund
   134 | D        | Killed Sigmund
   134 | D        | Arena points: 12 (+12) [x2]
   135 | D        | Reached skill level 5 in Fighting
   135 | D        | Reached skill level 5 in Dodging
   135 | D        | Reached skill level 5 in Shields
   135 | D        | Reached skill level 5 in Invocations
   135 | D        | Reached XP level 2. HP: 24/24 MP: 1/5
   135 | D        | Reached XP level 3. HP: 29/29 MP: 1/7
   135 | D        | Reached XP level 4. HP: 35/35 MP: 1/8
   135 | D        | Reached XP level 5. HP: 39/39 MP: 1/9
   196 | D        | Round 2.
   211 | D        | Reached ** piety under Qazlal
   219 | D        | Found an opulent altar of Gozag.
   220 | D        | Found a sacrificial altar of Ru.
   222 | D        | Found Wumahen's Distillery.
   224 | D        | Found Ysuoczod's Distillery.
   224 | D        | Found Butzaghici's Bottled Wisdom.
   225 | D        | Found a shimmering altar of Xom.
   225 | D        | Found a basalt altar of Yredelemnul.
   225 | D        | Found Jeyczeis's Do-It-Yourself Clinic.
   298 | D        | Reached skill level 6 in Invocations
   305 | D        | Reached *** piety under Qazlal
   305 | D        | Noticed a water moccasin
   309 | D        | Killed a water moccasin
   309 | D        | Arena points: 54 (+42) [x3]
   310 | D        | Reached skill level 5 in Axes
   310 | D        | Reached skill level 7 in Invocations
   310 | D        | Reached skill level 5 in Evocations
   310 | D        | Reached XP level 6. HP: 35/46 MP: 8/11
   326 | D        | Bought a pitted bronze ring for 45 gold pieces
   326 | D        | Identified the ring "Movodaaz" {Fly rElec Int+2} (You
                  | bought it in a shop in the Dungeon)
   326 | D        | Bought a pitted pewter ring for 45 gold pieces
   326 | D        | Identified the ring of Juva {Fly rCorr Str-3 Int-3 Slay+4}
                  | (You bought it in a shop in the Dungeon)
   374 | D        | Round 3.
   401 | D        | Reached **** piety under Qazlal
   421 | D        | Noticed a kobold demonologist
   426 | D        | Reached skill level 8 in Invocations
   426 | D        | Reached XP level 7. HP: 53/53 MP: 11/13
   427 | D        | Noticed a hellwing
   429 | D        | Noticed a sun demon
   432 | D        | Demolished by a sun demon

Illustrated notes

Levels and vault maps discovered:
D:        arena_sprint

Skill      XL: |  1  2  3  4  5  6 |
---------------+-------------------+-----
Fighting       | 5 6 |  6.4
Axes           | 4 5 |  5.8
Dodging        | 5 6 |  6.4
Shields        | 5 6 |  6.3
Invocations    | 5 7 8 |  8.2
Evocations     | 4 5 |  5.7

Action                   |  1- 3 |  4- 6 |  7- 9 || total
-------------------------+-------+-------+-------++-------
Melee: War axe           |     9 |    21 |     1 ||    31
       Tentacles         |     3 |     3 |     1 ||     7
       Constrict         |     2 |     3 |       ||     5
Invok: Upheaval          |       |       |     1 ||     1
Armor: Skin              |       |       |     1 ||     1
Dodge: Dodged            |     3 |     8 |    10 ||    21
Block: Buckler           |     3 |    12 |     6 ||    21

Table legend: (Time is in decaauts)
 A = Elapsed time spent in this place.
 B = Non-inter-level travel time spent in this place.
 C = Inter-level travel time spent in this place.
 D = Time resting spent in this place.
 E = Time spent auto-exploring this place.
 F = Levels seen in this place.
 G = Mean time per level.
                   A        B        C        D        E       F      G
               +--------+--------+--------+--------+--------+-----+--------+
         Total |    439 |    439 |      0 |    151 |     35 |   1 |  439.0 |
       Dungeon |    439 |    439 |      0 |    151 |     35 |   1 |  439.0 |
               +--------+--------+--------+--------+--------+-----+--------+

Top non-repeatable levels by time:
       D: 439 daAuts
